 Dungeon Crawl Stone Soup version 0.29.1-1-gd02db6906a (webtiles) character file.

Game seed: 16345867536915714810

11589 hawla the Thaumaturge (level 12, -15/89 HPs)
             Began as a Meteoran Fire Elementalist on Oct 5, 2022.
             Was an Elder of Vehumet.
             Demolished by Snorg (17 damage)
             ... on level 10 of the Dungeon.
             The game lasted 00:36:41 (6660 turns).

hawla the Thaumaturge (Meteoran Fire Elementalist)  Turns: 6660, Time: 00:36:42

Health: -15/89     AC: 10    Str: 10    XL:     12   Next: 37%
Magic:  17/30      EV: 16    Int: 23    God:    Vehumet [****..]
Gold:   391        SH:  0    Dex: 22    Spells: 27/38 levels left

rFire   + . .      SeeInvis .   s - +7 mace of Ascent {holy, rElec rC+ Dex+2}
rCold   + . .      Faith    .   (no shield)
rNeg    . . .      Spirit   .   r - +2 robe {rC+}
rPois   .          Reflect  .   B - +2 helmet
rElec   +          Harm     .   o - +0 cloak
rCorr   .          Rampage  .   n - +0 pair of gloves
Will    +....                   g - +0 pair of boots
Stlth   +.........              (no amulet)
HPRegen 0.24/turn               e - ring of fire
MPRegen 0.22/turn               a - +6 ring of dexterity

@: glowing, studying Ranged Weapons
A: sense surroundings 2, otherworldly, glowing, explore regen
a: Renounce Religion


You were on level 10 of the Dungeon.
You worshipped Vehumet.
Vehumet was greatly pleased with you.
You visited 2 branches of the dungeon, and saw 12 of its levels.

You collected 1309 gold pieces.
You spent 918 gold pieces at shops.

Inventory:

Hand Weapons
 s - the +7 mace of Ascent (weapon) {holy, rElec rC+ Dex+2}
   (You bought it in a shop on level 1 of the Orcish Mines)

   It has been blessed by the Shining One to cause great damage to the undead
   and demons.
   Dex:       It affects your dexterity (+2).
   rC:        It protects you from cold.
   rElec:     It insulates you from electricity.
Armour
 g - a +0 pair of boots (worn)
 n - a +0 pair of gloves (worn)
 o - a +0 cloak (worn)
 r - a +2 robe of cold resistance (worn)
 B - a +2 helmet (worn)
Magical Staves
 f - a staff of fire
 x - a staff of poison
Jewellery
 a - a +6 ring of dexterity (right hand)
 b - a ring of positive energy
 d - a +4 ring of evasion
 e - a ring of fire (left hand)
 h - a ring of protection from fire
 p - a ring of ice
 y - a ring of ice
 G - a +4 ring of evasion
Wands
 z - a wand of polymorph (6)
 F - a wand of quicksilver (3)
Scrolls
 i - 3 scrolls of teleportation
 j - a scroll of enchant weapon
 l - 2 scrolls of butterflies
Potions
 c - a potion of flight
 k - a potion of berserk rage
 m - 2 potions of resistance
 q - 2 potions of brilliance
 t - a potion of curing
 u - a potion of cancellation
 v - a potion of might
 w - a potion of haste
 A - a potion of attraction {unknown}
Miscellaneous
 E - a phantom mirror


   Skills:
 + Level 3.5 Fighting
 + Level 0.4(2.1) Maces & Flails
 + Level 3.1 Staves
 + Level 5.9 Dodging
 - Level 1.4 Stealth
 + Level 13.7 Spellcasting
 + Level 8.4 Conjurations
 + Level 12.8 Fire Magic
 + Level 2.6 Ice Magic
 + Level 1.5 Poison Magic
 + Level 1.5 Evocations


You had 27 spell levels left.
You knew the following spells:

 Your Spells              Type           Power      Damage    Failure   Level
a - Foxfire               Conj/Fire      100%       2x1d9     1%          1
b - Scorch                Fire           100%       2d10      1%          2
c - Flame Wave            Conj/Fire      78%        2d17      1%          4
d - Hailstorm             Conj/Ice       41%        3d10      1%          4

Your spell library contained the following spells:

 Spells                   Type           Power      Damage    Failure   Level
 Conjure Flame            Conj/Fire      78%        6-21      1%          3
 Inner Flame              Hex/Fire       62%        N/A       1%          3
 Fulminant Prism          Conj/Hex       17%        3d11      1%          4
 Iskenderun's Mystic Bla  Conj/Tloc      35%        2d8       1%          4
 Ozocubu's Armour         Ice            28%        N/A       3%          3
 Call Canine Familiar     Summ           15%        N/A       12%         3
 Portal Projectile        Hex/Tloc       30%        N/A       12%         3
 Ice Form                 Ice/Tmut       21%        N/A       22%         4
 Lee's Rapid Deconstruct  Erth           7%         3d8*      26%         5
 Leda's Liquefaction      Hex/Erth       7%         N/A       36%         4
 Metabolic Englaciation   Hex/Ice        10%        N/A       52%         5
 Simulacrum               Ice/Necr       10%        N/A       98%         6


Dungeon Overview and Level Annotations

Branches:
Dungeon (10/15) Zot: 434   Temple (0/1) D:5            Lair (0/5) D:8
    Orc (2/2) D:9 Zot: 60     Elf (0/3) Orc:2

Altars:
Fedhas
Kikubaaqudgha
Makhleb
Okawaru
Qazlal
Ru
Vehumet
Wu Jian
The Shining One

Shops:
D:9 *   Orc:1 (

Annotations:
D:5 1 runed translucent door, GigaChad's ghost, amateur MiFi
D:10 Snorg


Innate Abilities, Weirdness & Mutations

You passively map the area around you.
You are easily found by Zot.
You glow in the dark.
You regain HP and MP as you explore.


Message History

You feel a surge of power!
Flames lash Snorg.
Snorg is lightly wounded.
Snorg's fire resistance burns away.
Casting: Scorch (safe; 1% risk of failure)
Confirm with . or Enter, or press ? or * to list all spells.
You feel a surge of power!
Flames lash Snorg.
Snorg is burned terribly!
Snorg is moderately wounded.
Snorg goes berserk!
Casting: Scorch (safe; 1% risk of failure)
Confirm with . or Enter, or press ? or * to list all spells.
You feel a surge of power!
Flames lash Snorg.
Snorg is burned terribly!
Snorg is heavily wounded.
Snorg closely misses you. Snorg misses you. Snorg claws you!
Casting: Scorch (safe; 1% risk of failure)
Confirm with . or Enter, or press ? or * to list all spells.
You feel a surge of power!
Flames lash Snorg.
Snorg is burned terribly!
Snorg is heavily wounded.
Snorg bites you! Snorg claws you. Snorg barely misses you.
Snorg bites you but does no damage. Snorg barely misses you. Snorg claws you.
Casting: Scorch (safe; 1% risk of failure)
Confirm with . or Enter, or press ? or * to list all spells.
You feel a surge of power!
Flames lash Snorg.
Snorg is burned terribly!
Snorg is severely wounded.
Snorg closely misses you. Snorg claws you. Snorg claws you!
Casting: Scorch (safe; 1% risk of failure)
Confirm with . or Enter, or press ? or * to list all spells.
Casting: Flame Wave (safe; 1% risk of failure)
Press: ? - help, Dir - look around, f - activate You feel a surge of power!
A wave of flame ripples out!
The flame wave engulfs Snorg!!
Snorg is burned terribly!
Snorg is almost dead. (Press . to intensify the flame waves.)
You hear a shout!
Snorg bites you! Snorg closely misses you. Snorg claws you but does no damage.
Snorg bites you!
* * * LOW HITPOINT WARNING * * *
Snorg claws you!
* * * LOW HITPOINT WARNING * * *
Snorg claws you!
You die...

, #.# #......#
, ,, , , #.#
#.#...## , *
**#.# #.#####
##.# * , * *
#..# # #.##
#>#### #.# *
*,* #..T.# #.#
* * , **#@# #.#
,* ,* , #)# #.#
,* , #.# #.# *
* , *
#######.####.#
,* , ,,
.............#
*,* ,
*######....##.#
* *
#.......#.#, ,
* #.........#,
* * #.......#.#
*


You could see Snorg (berserk, combustible).

Vanquished Creatures
  An orc high priest (Orc:2)
  Amaemon (D:8)
  4 orc sorcerers
  An orange demon (D:8)
  Maggie (D:6)
  Psyche (D:10)
  Grinder (D:6)
  Sigmund (D:6)
  2 shadows (D:9)
  A wyvern (D:10)
  Eustachio (D:5)
  13 yaks
  A steam dragon (D:8)
  3 wargs (Orc:1)
  Menkaure (D:4)
  2 water moccasins (D:6)
  A two-headed ogre zombie (D:9)
  Duvessa (D:5)
  2 ice beasts (D:6)
  A black bear (D:7)
  10 orc warriors
  A sky beast (D:8)
  2 ogres
  3 centaurs
  A phantom (D:9)
  A kobold brigand (D:6)
  A gnoll sergeant (D:6)
  2 bullfrogs
  Dowan (D:5)
  9 killer bees (D:9)
  2 troll zombies (D:9)
  3 hounds
  10 orc priests
  2 jellies
  A gnoll bouda (D:7)
  3 iguanas (D:5)
  17 orc wizards
  5 ogre zombies (D:9)
  7 gnolls
  7 adders
  A shadow imp (D:6)
  2 white imps
  An ufetubus (D:5)
  A worm (D:2)
  A dart slug (D:4)
  64 orcs
  A ball python (D:3)
  3 bats
  2 endoplasms
  4 giant cockroaches
  3 goblins
  9 hobgoblins
  2 jackals (D:3)
  6 quokkas
  3 frilled lizards
  3 goblin zombies (D:9)
  2 hobgoblin skeletons (D:9)
  4 hobgoblin zombies (D:9)
  10 kobolds
  2 orc skeletons (D:9)
  14 orc zombies (D:9)
  3 rats
269 creatures vanquished.

Vanquished Creatures (collateral kills)
  2 wargs (Orc:2)
  2 orc wizards (Orc:2)
  A foxfire (D:8)
5 creatures vanquished.

Vanquished Creatures (others)
  An orc wizard (Orc:2)
  213 foxfires
214 creatures vanquished.

Grand Total: 488 creatures vanquished

Notes
Turn   | Place    | Note
-------+----------+-------------------------------------------
     0 | D:1      | hawla the Meteoran Fire Elementalist began the quest for
                  | the Orb.
     0 | D:1      | Reached XP level 1. HP: 14/14 MP: 5/5
    85 | D:1      | Reached XP level 2. HP: 20/20 MP: 4/6
   155 | D:1      | Learned a level 2 spell: Scorch
   268 | D:1      | Reached skill level 3 in Spellcasting
   295 | D:1      | Found a faded altar of an unknown god.
   475 | D:1      | Reached XP level 3. HP: 26/26 MP: 4/8
   500 | D:1      | Glimpsed the power of Zot.
   580 | D:2      | Reached XP level 4. HP: 16/33 MP: 0/9
   611 | D:2      | Reached skill level 1 in Evocations
  1074 | D:3      | Learned a level 4 spell: Flame Wave
  1141 | D:3      | Reached skill level 5 in Fire Magic
  1141 | D:3      | Reached XP level 5. HP: 35/38 MP: 1/10
  1691 | D:3      | Glimpsed the power of Zot.
  1774 | D:3      | Reached XP level 6. HP: 26/45 MP: 1/11
  1823 | D:3      | Found a faded altar of an unknown god.
  2086 | D:4      | Noticed Menkaure
  2088 | D:4      | Killed Menkaure
  2089 | D:4      | Reached skill level 5 in Conjurations
  2089 | D:4      | Reached XP level 7. HP: 50/50 MP: 7/12
  2291 | D:4      | Glimpsed the power of Zot.
  2292 | D:4      | Found a blossoming altar of Fedhas.
  2320 | D:5      | Entered Level 5 of the Dungeon
  2372 | D:5      | Found a runed translucent door.
  2372 | D:5      | Noticed GigaChad's ghost (amateur MiFi)
  2404 | D:5      | Noticed Eustachio
  2412 | D:5      | Killed Eustachio
  2413 | D:5      | Reached skill level 4 in Spellcasting
  2413 | D:5      | Reached XP level 8. HP: 56/58 MP: 1/15
  2535 | D:5      | Noticed Duvessa
  2535 | D:5      | Noticed Dowan
  2555 | D:5      | Killed Duvessa
  2556 | D:5      | Reached skill level 5 in Spellcasting
  2618 | D:5      | Found a radiant altar of Vehumet.
  2629 | D:5      | Became a worshipper of Vehumet
  2642 | D:5      | Noticed a yak
  2644 | D:5      | Noticed a yak
  2660 | D:5      | Killed a yak
  2661 | D:5      | Reached skill level 1 in Fighting
  2661 | D:5      | Reached skill level 6 in Spellcasting
  2661 | D:5      | Noticed a yak
  2662 | D:5      | Noticed a yak
  2663 | D:5      | Noticed a yak
  2665 | D:5      | Noticed a yak
  2678 | D:5      | Killed a yak
  2679 | D:5      | Reached skill level 1 in Staves
  2679 | D:5      | Gained mutation: You passively map the area around you.
                  | [Meteoran growth]
  2679 | D:5      | Reached XP level 9. HP: 64/64 MP: 12/19
  2684 | D:5      | Reached skill level 7 in Spellcasting
  2742 | D:5      | Killed Dowan
  2876 | D:5      | Found a staircase to the Ecumenical Temple.
  3005 | D:6      | Reached skill level 8 in Spellcasting
  3078 | D:6      | Reached XP level 10. HP: 51/73 MP: 11/23
  3170 | D:6      | Noticed Sigmund
  3175 | D:6      | Killed Sigmund
  3175 | D:6      | Reached * piety under Vehumet
  3175 | D:6      | Offered knowledge of Sandblast by Vehumet.
  3188 | D:6      | Found an iron altar of Okawaru.
  3257 | D:6      | Noticed Grinder
  3261 | D:6      | Killed Grinder
  3262 | D:6      | Reached skill level 9 in Spellcasting
  3262 | D:6      | Reached skill level 10 in Fire Magic
  3447 | D:6      | Noticed Maggie
  3459 | D:6      | Killed Maggie
  3459 | D:6      | Glimpsed the power of Zot.
  3659 | D:7      | Reached skill level 10 in Spellcasting
  3709 | D:7      | Found an ornate altar of the Wu Jian Council.
  4060 | D:7      | Glimpsed the power of Zot.
  4191 | D:8      | Found an ancient bone altar of Kikubaaqudgha.
  4191 | D:8      | Found a sacrificial altar of Ru.
  4267 | D:8      | Noticed Amaemon
  4267 | D:8      | Noticed an orange demon
  4287 | D:7      | Learned a level 4 spell: Hailstorm
  4304 | D:8      | Killed Amaemon
  4305 | D:8      | Reached skill level 5 in Dodging
  4305 | D:8      | Reached skill level 11 in Spellcasting
  4305 | D:8      | Reached XP level 11. HP: 79/79 MP: 8/27
  4422 | D:8      | Reached ** piety under Vehumet
  4458 | D:8      | Offered knowledge of Freeze by Vehumet.
  4487 | D:8      | Found a staircase to the Lair.
  4564 | D:8      | Found a glowing golden altar of the Shining One.
  4659 | D:8      | Glimpsed the power of Zot.
  4695 | D:9      | Offered knowledge of Ignite Poison by Vehumet.
  4810 | D:9      | Reached *** piety under Vehumet
  4972 | D:9      | Reached skill level 1 in Poison Magic
  4974 | D:9      | Reached skill level 1 in Ice Magic
  4992 | D:9      | Found Kuashrot's Assorted Antiques.
  5063 | D:9      | Found a staircase to the Orcish Mines.
  5116 | D:9      | Reached skill level 12 in Spellcasting
  5121 | D:9      | Found a burning altar of Makhleb.
  5150 | D:9      | Found a stormy altar of Qazlal.
  5177 | D:9      | Noticed a two-headed ogre
  5257 | D:9      | Glimpsed the power of Zot.
  5259 | Orc:1    | Entered Level 1 of the Orcish Mines
  5259 | Orc:1    | Noticed an orc sorcerer
  5262 | Orc:1    | Killed an orc sorcerer
  5268 | Orc:1    | Offered knowledge of Olgreb's Toxic Radiance by Vehumet.
  5410 | Orc:1    | Found Ofygosos's Weapon Shoppe.
  5604 | Orc:2    | Entered Level 2 of the Orcish Mines
  5687 | Orc:2    | Noticed an orc sorcerer
  5691 | Orc:2    | Killed an orc sorcerer
  5693 | Orc:2    | Noticed an orc sorcerer
  5702 | Orc:2    | Killed an orc sorcerer
  5722 | Orc:2    | Reached **** piety under Vehumet
  5754 | Orc:2    | Noticed an orc sorcerer
  5763 | Orc:2    | Killed an orc sorcerer
  5763 | Orc:2    | Offered knowledge of Fulminant Prism by Vehumet.
  5767 | Orc:2    | Reached XP level 12. HP: 51/89 MP: 21/29
  5796 | Orc:2    | Noticed an orc knight
  5820 | Orc:2    | Reached skill level 13 in Spellcasting
  5888 | Orc:2    | Noticed an orc high priest
  5896 | Orc:2    | Killed an orc high priest
  5999 | Orc:2    | Found a staircase to the Elven Halls.
  6217 | Orc:1    | Bought the +7 mace of Ascent {holy, rElec rC+ Dex+2} for
                  | 918 gold pieces
  6357 | Orc:2    | Glimpsed the power of Zot.
  6445 | D:10     | Entered Level 10 of the Dungeon
  6527 | D:10     | Noticed Psyche
  6538 | D:10     | Killed Psyche
  6654 | D:10     | Noticed Snorg
  6660 | D:10     | HP: 2/89 [Snorg (12)]
  6660 | D:10     | Demolished by Snorg

Illustrated notes

Levels and vault maps discovered:
D:1:      amcnicky_arrival_wind_blow, layout_basic,
          ebering_ecumenical_altar_rust
D:2:      layout_basic, dk_noncrumbling_2, hex_tiny, nrook_mini_backslash,
          chequers_serial_rivers_room_b
D:3:      layout_basic, nicolae_overflow_ecumenical_swirl, eino_tiny_chamber,
          kennysheep_small_spiral, minmay_misc_feat_doors,
          nicolae_figureground_pulse
D:4:      cheibrodos_old_hovel, layout_cave_pools, lemuel_doored_altar,
          uniq_menkaure
D:5:      layout_gridville, amcnicky_altar_gilded, temple_doors_e,
          hellmonk_ghost_happy_afterlife, uniq_eustachio, uniq_duvessa
D:6:      layout_basic, mainiacjoe_overflow_boulevard,
          chequers_serial_rivers_room_b, grunt_ministairs_9, chequers_arboretum,
          chequers_serial_rivers_large_b, minmay_manual_mares, uniq_maggie,
          uniq_sigmund, uniq_grinder
D:7:      layout_gridville, mainiacjoe_overflow_small_starburst
D:8:      layout_rooms, tso_altar, gammafunk_temple_overflow_elements,
          lair_entry_dummy, kennysheep_cross_bottleneck, uniq_amaemon
D:9:      layout_basic, grunt_qazlal_clouds, mainiacjoe_overflow_alcove_1,
          mainiacjoe_overflow_24_doors, zombieorc2_lemuel, serial_shops,
          nicolae_take_the_stairs
D:10:     layout_loops_ring, nicolae_trove_entry_columns, minmay_liquid_box,
          uniq_snorg, uniq_psyche, uniq_erolcha
Orc:1:    layout_caves, serial_shops, shop, nicolae_orc_lava_room
Orc:2:    st_orc_town, layout_caves

Skill      XL: |  1  2  3  4  5  6  7  8  9 10 11 12 |
---------------+-------------------------------------+-----
Fire Magic     | 4 5 6 7 8 9 11 12 | 12.8
Spellcasting   | 3 4 6 8 11 12 13 | 13.7
Evocations     | 1 |  1.5
Conjurations   | 2 3 5 6 7 8 |  8.4
Dodging        | 3 4 5 |  5.9
Fighting       | 1 2 3 |  3.5
Staves         | 1 2 3 |  3.1
Poison Magic   | 1 |  1.5
Ice Magic      | 2 |  2.6
Maces & Flails | |  0.4
Stealth        | |  1.4

Action                   |  1- 3 |  4- 6 |  7- 9 | 10-12 || total
-------------------------+-------+-------+-------+-------++-------
Melee: Unarmed           |     2 |       |       |       ||     2
       Staff             |     6 |    23 |    29 |    35 ||    93
       Punch             |       |       |     1 |       ||     1
       Mace              |       |       |       |     5 ||     5
 Cast: Foxfire           |    22 |    34 |    20 |    54 ||   130
       Scorch            |     5 |    17 |    21 |    75 ||   118
       Flame Wave        |       |     2 |    11 |    41 ||    54
       Hailstorm         |       |       |       |    26 ||    26
  Use: Scroll            |     1 |     7 |     4 |    13 ||    25
       Potion            |       |     1 |     3 |     1 ||     5
Armor: Robe              |     4 |    16 |    16 |    47 ||    83
       Skin              |       |       |       |     8 ||     8
Dodge: Dodged            |     4 |    20 |    41 |   101 ||   166
